 Dungeon Crawl Stone Soup version 0.23-a0-677-g07611c5 (console) character file.

7630 kingmarl the Basher (level 11, -2/97 HPs)
             Began as a Naga Wanderer on Jan 10, 2019.
             Was a High Priest of Okawaru.
             Slain by a mana viper (7 damage)
             ... on level 4 of the Abyss.
             The game lasted 00:32:00 (12274 turns).

kingmarl the Basher (Naga Wanderer)                Turns: 12274, Time: 00:32:00

Health: -2/97      AC: 13    Str: 17    XL:     11   Next: 18%
Magic:  11/14      EV: 12    Int: 13    God:    Okawaru [*****.]
Gold:   580        SH:  5    Dex: 11    Spells: 10/14 levels left

rFire    . . .     SeeInvis +   E - +3 mace (venom)
rCold    . . .     Gourm    .   p - +0 buckler
rNeg     + . .     Faith    .   s - +0 animal skin
rPois    +         Spirit   .   q - +2 helmet
rElec    .         Reflect  .   y - +1 cloak
rCorr    .         Harm     .   t - +1 pair of gloves
MR       +....                  (no barding)
Stlth    ++++++....             d - amulet of the acrobat
HPRegen  0.26/turn              i - ring of positive energy
MPRegen  0.14/turn              k - ring of flight

@: heroism, studying Short Blades, very slow
A: large, see invisible, deformed body, poison resistance, slowness 2, slow
metabolism 1, spit poison 1, AC +3
a: Spit Poison, Heroism, Finesse, Renounce Religion, Evoke Flight


You were on level 4 of the Abyss.
You worshipped Okawaru.
Okawaru was extremely pleased with you.
You were not hungry.

You visited 1 branch of the dungeon, and saw 10 of its levels.
You visited the Abyss 1 time.

You collected 712 gold pieces.
You spent 132 gold pieces at shops.

Inventory:

Hand Weapons
 a - a +2 hand crossbow
 g - a +0 morningstar
 E - a +3 mace of venom (weapon)
Missiles
 b - 135 bolts
Armour
 p - a +0 buckler (worn)
 q - a +2 helmet (worn)
 s - a +0 animal skin (worn)
 t - a +1 pair of gloves (worn)
 y - a +1 cloak (worn)
Jewellery
 d - an amulet of the acrobat (around neck)
 i - a ring of positive energy (left hand)
 k - a ring of flight (right hand)
 F - an uncursed ring of magical power
Wands
 x - a wand of iceblast (12)
Scrolls
 c - a scroll of teleportation
 e - 2 scrolls of enchant weapon
 j - a scroll of immolation
 m - 4 scrolls of remove curse
 n - 2 scrolls of enchant armour
 o - a scroll of magic mapping {unknown}
 u - 3 scrolls of fog
 w - a scroll of amnesia
 z - 5 scrolls of identify
Potions
 l - a potion of mutation
 A - 2 potions of might
 D - a potion of flight
Books
 C - a manual of Short Blades
Comestibles
 f - 13 rations


   Skills:
 - Level 6.0(11.0) Fighting
 - Level 12.5(17.5) Maces & Flails
 - Level 1.7(6.7) Crossbows
 - Level 1.0(6.0) Armour
 + Level 9.9(14.9) Stealth
 - Level 2.6(7.6) Shields
 - Level 2.0 Spellcasting
 - Level 3.8 Summonings
 - Level 3.0 Air Magic
 - Level 4.0 Invocations
 - Level 1.0 Evocations


You had 10 spell levels left.
You knew the following spells:

 Your Spells              Type           Power        Failure   Level  Hunger
a - Summon Lightning Spi  Summ/Air       ##......     52%         4    #####..

Your spell library contained the following spells:

 Spells                   Type           Power        Failure   Level  Hunger
 Summon Small Mammal      Summ           ##..         5%          1    ##.....
 Call Imp                 Summ           ##......     8%          2    ###....
 Call Canine Familiar     Summ           ##......     16%         3    ####...
 Magic Dart               Conj           #...         26%         1    ##.....
 Summon Guardian Golem    Hex/Summ       #.......     34%         3    ####...
 Blink                    Tloc           N/A          36%         2    ###....
 Slow                     Hex            #.......     36%         2    ###....
 Mephitic Cloud           Conj/Pois/Air  #.......     45%         3    ####...
 Conjure Flame            Conj/Fire      #.......     58%         3    ####...
 Summon Ice Beast         Ice/Summ       #.......     75%         4    #####..


Dungeon Overview and Level Annotations

Branches:
Dungeon (10/15)            Temple (0/1) D:4
   Lair: D:8-11         Orc: D:9-12

Altars:
Kikubaaqudgha
Okawaru
Qazlal
Sif Muna
Trog
Uskayaw
Zin

Shops:
D:4 !


Innate Abilities, Weirdness & Mutations

You cannot wear boots.
Your serpentine skin is tough. (AC +3)
You have supernaturally acute eyesight. (SInv)
Armour fits poorly on your strangely shaped body.
Your system is resistant to poisons. (rPois)
You cover ground very slowly.
You have a slow metabolism.
You can spit poison.


Message History

You block the blink frog's attack.
The blink frog blinks!
The mana viper hisses angrily.
You hit the blink frog.
The blink frog is poisoned.
The blink frog is almost dead.
The blink frog closely misses you.
The blink frog blinks! x2
The blink frog blinks!
Okawaru accepts your kill.
You feel a bit more experienced.
You closely miss the mana viper. The mana viper barely misses you.
The blink frog gives a loud, deep croak!
You hit the mana viper.
The mana viper is lightly wounded.
The mana viper bites you!
* * * LOW HITPOINT WARNING * * *
You feel your power leaking away.
You hit the mana viper.
The mana viper is lightly wounded.
The mana viper bites you!
You die...

X.. 5. # .
#. . # ##. #
. #. . .# ##
# .## #.###
###
###(#.###..#
.# #
..#.FS@.## #
# ...
#....###.# #
.
.##†##...##
# . #.# .#.
# ≈ # # ..#
#. .# # ##.
. #.## . #
##. #.. .
..# ... # .
.# .


You could see a mana viper and a blink frog.

Vanquished Creatures
  2 two-headed ogres
  A thrashing horror (Abyss:4)
  A gargoyle (D:10)
  4 hippogriffs
  A hornet (D:7)
  4 blink frogs (Abyss:4)
  Sigmund (D:2)
  A hungry ghost (D:9)
  Edmund (D:4)
  An ice beast (D:9)
  A sky beast (D:10)
  2 phantoms
  2 orc warriors
  An eye of draining (D:10)
  2 centaurs
  3 ogres
  2 small abominations (Abyss:4)
  Blork the orc (D:4)
  5 bullfrogs
  A wyvern skeleton (D:9)
  4 killer bees
  3 wights (D:9)
  A crimson imp (D:6)
  2 quasits
  A centaur zombie (D:9)
  4 hounds
  4 jellies
  9 orc priests
  9 orc wizards
  3 bullfrog skeletons
  A centaur skeleton (D:7)
  4 iguanas
  4 worker ants
  A hound zombie (D:6)
  A hound skeleton (D:5)
  Robin (D:1)
  13 adders
  A howler monkey skeleton (D:6)
  2 shadow imps (D:8)
  2 oozes
  An adder zombie (D:8)
  An adder skeleton (D:5)
  2 worms
  3 dart slugs
  43 orcs
  5 bats
  4 giant cockroaches
  8 hobgoblins
  6 jackals
  3 kobolds
  A quokka (D:6)
  3 ball pythons
  2 frilled lizards (D:2)
  11 goblins
  A quokka skeleton (D:4)
  A quokka zombie (D:8)
  4 rats
206 creatures vanquished.

Notes
Turn   | Place    | Note
-------+----------+-------------------------------------------
     0 | D:1      | kingmarl the Naga Wanderer began the quest for the Orb.
     0 | D:1      | kingmarl set off with the following items: a +2 hand
                  | crossbow, 25 bolts, a scroll of teleportation, a +0 ring
                  | mail, a +0 dagger, a ration
     0 | D:1      | Reached XP level 1. HP: 21/21 MP: 1/1
   421 | D:1      | Reached XP level 2. HP: 18/28 MP: 2/2
   563 | D:1      | Reached skill level 5 in Stealth
   945 | D:2      | Reached XP level 3. HP: 34/34 MP: 3/3
   949 | D:2      | Noticed Robin
  1021 | D:1      | Killed Robin
  1021 | D:1      | Reached skill level 1 in Shields
  1270 | D:2      | Reached XP level 4. HP: 34/44 MP: 4/4
  1604 | D:2      | Noticed Sigmund
  1917 | D:3      | Found an iron altar of Okawaru.
  1935 | D:3      | Reached XP level 5. HP: 40/50 MP: 5/5
  2118 | D:3      | Became a worshipper of Warmaster Okawaru
  2410 | D:4      | Noticed Edmund
  2886 | D:4      | Noticed a +0 hand axe
  2886 | D:4      | Noticed a +0 hand axe
  2913 | D:4      | Reached skill level 1 in Maces & Flails
  2990 | D:4      | Found a hide-covered altar of Uskayaw.
  3078 | D:4      | Found a staircase to the Ecumenical Temple.
  3085 | D:4      | Noticed Blork the orc
  3093 | D:4      | Killed Blork the orc
  3093 | D:4      | Reached skill level 2 in Maces & Flails
  3093 | D:4      | Reached XP level 6. HP: 52/60 MP: 6/6
  3223 | D:4      | Found Odwin's Distillery.
  3231 | D:4      | Bought a potion of curing for 36 gold pieces
  3231 | D:4      | Bought a potion of heal wounds for 60 gold pieces
  3231 | D:4      | Bought a potion of lignification for 36 gold pieces
  3270 | D:4      | Killed Edmund
  3270 | D:4      | Reached skill level 5 in Fighting
  3270 | D:4      | Reached skill level 3 in Maces & Flails
  3631 | D:2      | Killed Sigmund
  3631 | D:2      | Reached * piety under Okawaru
  3631 | D:2      | Reached XP level 7. HP: 55/68 MP: 7/7
  3728 | D:5      | Entered Level 5 of the Dungeon
  4042 | D:5      | Reached skill level 4 in Maces & Flails
  4112 | D:5      | Identified the +9 quarterstaff of Mechaosches {crush,
                  | Str+4}
  4373 | D:5      | Reached skill level 1 in Invocations
  5083 | D:6      | Reached XP level 8. HP: 76/76 MP: 10/10
  5244 | D:6      | Reached skill level 5 in Maces & Flails
  5522 | D:6      | Reached ** piety under Okawaru
  5525 | D:6      | Found a stormy altar of Qazlal.
  5881 | D:6      | Reached skill level 6 in Maces & Flails
  6299 | D:7      | You fall through a shaft for 3 floors!
  6299 | D:10     | Entered Level 10 of the Dungeon
  6348 | D:9      | Found a bloodstained altar of Trog.
  6395 | D:8      | Noticed a two-headed ogre
  6486 | D:9      | Noticed a hippogriff
  6527 | D:7      | Noticed a hornet
  6533 | D:7      | Killed a hornet
  6533 | D:7      | Reached skill level 7 in Maces & Flails
  6831 | D:7      | Identified the +6 long sword "Fuxoamush" {flame, Str+7
                  | Int+3}
  6967 | D:7      | Noticed a hippogriff
  6994 | D:7      | Killed a hippogriff
  6994 | D:7      | Reached skill level 8 in Maces & Flails
  6994 | D:7      | Reached XP level 9. HP: 74/82 MP: 12/12
  7080 | D:7      | Found a deep blue altar of Sif Muna.
  7187 | D:7      | Reached skill level 9 in Maces & Flails
  8307 | D:8      | Killed a two-headed ogre
  8307 | D:8      | Reached *** piety under Okawaru
  8307 | D:8      | Reached skill level 10 in Maces & Flails
  8353 | D:8      | Reached skill level 11 in Maces & Flails
  8443 | D:8      | Reached **** piety under Okawaru
  8443 | D:8      | Reached XP level 10. HP: 75/91 MP: 13/13
  9585 | D:9      | Reached skill level 12 in Maces & Flails
  9646 | D:9      | Received a gift from Okawaru
  9767 | D:9      | Noticed a two-headed ogre
 10380 | D:9      | Found an ancient bone altar of Kikubaaqudgha.
 10380 | D:9      | Found a glowing silver altar of Zin.
 10426 | D:9      | Learned a level 4 spell: Summon Lightning Spire
 10762 | D:9      | Killed a two-headed ogre
 10762 | D:9      | Reached skill level 1 in Spellcasting
 11010 | D:10     | Noticed a two-headed ogre
 11196 | D:10     | Reached skill level 1 in Air Magic
 11794 | D:10     | Noticed a gargoyle
 11805 | D:10     | Killed a gargoyle
 11881 | D:10     | Reached ***** piety under Okawaru
 11891 | D:10     | Noticed a two-headed ogre
 11895 | D:10     | Cast into level 3 of the Abyss (miscasting Summon Lightning
                  | Spire)
 11923 | Abyss:3  | Noticed a flayed ghost
 11959 | Abyss:3  | Noticed an unseen horror
 11960 | Abyss:3  | Noticed a thrashing horror
 11960 | Abyss:3  | Noticed an unseen horror
 11961 | Abyss:3  | Found a sacrificial altar of Ru.
 11961 | Abyss:3  | Noticed an unseen horror
 11961 | Abyss:3  | Noticed a thrashing horror
 11961 | Abyss:3  | Noticed an unseen horror
 11965 | Abyss:3  | Noticed an unseen horror
 11965 | Abyss:3  | Noticed an unseen horror
 11966 | Abyss:3  | Noticed an unseen horror
 11967 | Abyss:3  | Noticed a starcursed mass
 11967 | Abyss:3  | Noticed a thrashing horror
 11968 | Abyss:3  | Noticed an unseen horror
 12129 | Abyss:4  | Noticed a dire elephant
 12131 | Abyss:4  | Noticed a dire elephant
 12132 | Abyss:4  | Noticed an elephant
 12136 | Abyss:4  | Noticed a purple draconian shifter
 12139 | Abyss:4  | Noticed an elephant
 12165 | Abyss:4  | Noticed a thrashing horror
 12192 | Abyss:4  | Noticed a thrashing horror
 12193 | Abyss:4  | Noticed a thrashing horror
 12194 | Abyss:4  | Noticed a thrashing horror
 12194 | Abyss:4  | Noticed a thrashing horror
 12211 | Abyss:4  | Killed a thrashing horror
 12211 | Abyss:4  | Reached XP level 11. HP: 18/97 MP: 11/14
 12261 | Abyss:4  | Noticed a mana viper
 12274 | Abyss:4  | Slain by a mana viper

Vault maps used:
D:1:      wander_arrival_estate, corner_web_ring
D:2:      uniq_robin, uniq_sigmund
D:3:      okawaru_metal_pillars_1_2
D:4:      dancing_weapons_uskayaw, minmay_temple_entry_junction, serial_shops,
          shop, first_ration, uniq_blork_the_orc, uniq_edmund
D:5:      minmay_manual_mandibuliform
D:6:      lemuel_doored_altar
D:7:      led_sif_book
D:9:      chequers_temple_overflow_statue_of_worship, basic_altar
Abyss:3:  evilmike_abyss_exit_smiterflies
Abyss:4:  nicolae_abyss_rune_star_stuff

Skill      XL: |  1  2  3  4  5  6  7  8  9 10 11 |
---------------+----------------------------------+-----
Stealth        | 5 8 9 |  9.9
Shields        | 1 2 |  2.6
Fighting       | 4 5 6 |  6.0
Maces & Flails | 2 3 4 8 11 12 | 12.5
Invocations    | 2 4 |  4.0
Spellcasting   | 2 |  2.0
Summonings     | 3 |  3.8
Air Magic      | 3 |  3.0
Crossbows      | |  1.7
Armour         | |  1.0
Evocations     | |  1.0

Action                   |  1- 3 |  4- 6 |  7- 9 | 10-12 || total
-------------------------+-------+-------+-------+-------++-------
Melee: Spear             |    54 |     4 |       |       ||    58
       Dagger            |       |   112 |    53 |       ||   165
       Morningstar       |       |     3 |    64 |    73 ||   140
       Mace              |       |       |   191 |   188 ||   379
 Fire: Hand crossbow     |     5 |     5 |     2 |     4 ||    16
 Cast: Summon Lightning  |       |       |       |     1 ||     1
Invok: Heroism           |       |       |     3 |     8 ||    11
 Abil: Spit Poison       |    26 |    24 |    33 |    13 ||    96
  Use: Scroll            |       |     6 |     9 |     4 ||    19
       Potion            |       |       |     2 |    13 ||    15
 Stab: Sleeping          |     2 |     6 |     5 |     2 ||    15
       Distracted        |       |       |     1 |     3 ||     4
  Eat: Chunk             |     2 |     7 |    12 |     5 ||    26
       Ration            |       |       |     1 |     3 ||     4
Armor: Ring mail         |    21 |       |       |       ||    21
       Animal skin       |     1 |    41 |   108 |    97 ||   247
       Skin              |       |       |       |    34 ||    34
Dodge: Dodged            |    37 |    51 |   133 |   163 ||   384
Block: Buckler           |     2 |    17 |    54 |    47 ||   120

Table legend:
 A = Non-vault XP
 B = Vault XP
 C = Vault XP percentage of total XP
 D = Non-vault monster count
 E = Vault monster count
 F = Vault count percentage of total count
                 A         B        C        D         E       F
            +---------+---------+-------+---------+---------+-------
      Total |   10265 |     636 |   5.8 |     186 |      20 |   9.7
            +---------+---------+-------+---------+---------+-------
        D:1 |      23 |      23 |  50.0 |      11 |       5 |  31.2
        D:2 |      53 |     243 |  82.1 |      14 |       9 |  39.1
        D:3 |      76 |       0 |   0.0 |      15 |       0 |   0.0
        D:4 |     129 |     265 |  67.3 |      12 |       2 |  14.3
        D:5 |     233 |      23 |   9.0 |      13 |       2 |  13.3
        D:6 |     618 |       0 |   0.0 |      24 |       0 |   0.0
        D:7 |    1011 |      82 |   7.5 |      18 |       2 |  10.0
        D:8 |    2207 |       0 |   0.0 |      29 |       0 |   0.0
        D:9 |    2328 |       0 |   0.0 |      22 |       0 |   0.0
       D:10 |    1403 |       0 |   0.0 |      20 |       0 |   0.0
    Abyss:4 |    2184 |       0 |   0.0 |       8 |       0 |   0.0
            +---------+---------+-------+---------+---------+-------
